AoeStats
← Edu

Lombardia

509002800Analyzed
2v2 RM · 6d ago on Sep 25, 2026· 101m 54s· 4 players
Game mode
Random Map
Map size
Medium (4 player)
Population
200
Speed
Normal
Resources
Standard
Victory
Conquest
Starting age
Dark Age
Ending age
Imperial Age
RankedLock teamsTeams togetherTeam positionsShared explorationLock speedFull tech treeHidden civsTurbo modeCheats
Victory
Defeat
🇨🇱 Armenians · Chile
759
+17
🇨🇱 Romans · Chile
715
+19
🇺🇸 Britons · United States
780
-18
🇺🇸 Burgundians · United States
780
-18
Edu
1:09 Loom
12:06 Feudal Age
12:55 Double-Bit Axe
12:52 Horse Collar
21:19 Castle Age
20:27 Gold Mining
20:59 Stone Mining
20:38 Man-at-Arms
21:37 Forging
21:37 Scale Mail Armor
23:23 Wheelbarrow
23:06 Bow Saw
23:34 Gold Shaft Mining
23:07 Heavy Plow
23:04 Long Swordsman
26:39 Scale Barding Armor
27:10 Iron Casting
31:22 Bloodlines
31:13 Husbandry
32:12 Squires
32:45 Hand Cart
32:48 Elite Skirmisher
35:22 Chain Barding Armor
35:16 Loom
37:08 Ballistics
36:59 Masonry
36:48 Murder Holes
38:31 Ballistas
41:48 Imperial Age
41:54 Elite Centurion
43:35 Caravan
45:28 Legionary
47:24 Blast Furnace
46:59 Plate Barding Armor
46:25 Padded Archer Armor
46:16 Fletching
46:41 Chain Mail Armor
46:24 Heavy Scorpion
48:26 Chemistry
48:02 Architecture
48:44 Chemistry
48:15 Architecture
48:05 Siege Engineers
50:25 Leather Archer Armor
52:28 Conscription
52:33 Comitatenses
51:49 Cavalier
51:49 Light Cavalry
Choro Guts
0:26 Loom
11:49 Feudal Age
12:29 Horse Collar
12:37 Double-Bit Axe
12:44 Gold Mining
14:58 Scale Mail Armor
15:09 Forging
14:21 Man-at-Arms
14:48 Arson
16:01 Long Swordsman
24:58 Castle Age
25:05 Two-Handed Swordsman
25:30 Gambesons
25:46 Squires
26:06 Chain Mail Armor
26:27 Iron Casting
27:33 Heavy Plow
27:54 Stone Mining
28:43 Gold Shaft Mining
30:09 Fervor
30:13 Caravan
34:16 Imperial Age
32:58 Wheelbarrow
33:47 Padded Archer Armor
33:38 Fletching
35:35 Conscription
35:22 Fereters
35:58 Bow Saw
35:47 Bodkin Arrow
35:20 Elite Skirmisher
37:43 Hand Cart
39:39 Sanctity
39:38 Leather Archer Armor
39:24 Bracer
39:57 Plate Mail Armor
39:37 Town Watch
40:22 Ballistics
41:03 Chemistry
41:05 Champion
43:56 Ring Archer Armor
44:27 Blast Furnace
55:52 Murder Holes
56:10 Masonry
56:38 Hoardings
69:12 Elite Composite Bowman
69:21 Crossbowman
70:05 Arbalester
73:55 Elite Composite Bowman
Dildo_Swaggins
0:28 Loom
7:11 Double-Bit Axe
10:30 Wheelbarrow
9:39 Horse Collar
13:07 Feudal Age
14:30 Heavy Plow
18:44 Hand Cart
18:15 Town Watch
18:51 Bow Saw
18:33 Gold Mining
22:03 Castle Age
21:24 Stone Mining
22:14 Gold Shaft Mining
22:43 Scale Barding Armor
22:49 Forging
22:31 Fletching
26:19 Chain Barding Armor
26:35 Iron Casting
25:55 Bodkin Arrow
32:32 Ballistics
31:56 Treadmill Crane
32:27 Masonry
32:28 Fortified Wall
32:53 Fervor
34:12 Light Cavalry
34:53 Husbandry
36:50 Caravan
38:40 Scale Mail Armor
38:41 Padded Archer Armor
38:10 Cavalier
39:13 Burgundian Vineyards
40:08 Crop Rotation
40:16 Stone Shaft Mining
40:45 Two-Man Saw
45:10 Imperial Age
46:59 Chemistry
45:56 Murder Holes
46:39 Architecture
46:51 Plate Barding Armor
47:18 Blast Furnace
46:20 Bracer
46:37 Chain Mail Armor
45:54 Pikeman
46:34 Squires
46:08 Elite Coustillier
47:13 Conscription
47:30 Hoardings
48:21 Halberdier
55:51 Hussar
63:22 Plate Mail Armor
77:15 Capped Ram
96:31 Cavalier
Catahoula
6:11 Loom
14:45 Feudal Age
15:17 Town Watch
16:16 Double-Bit Axe
16:15 Horse Collar
19:11 Castle Age
21:49 Bow Saw
22:50 Crossbowman
25:17 Padded Archer Armor
30:18 Wheelbarrow
33:09 Pikeman
33:50 Fletching
34:16 Leather Archer Armor
34:26 Ballistics
34:26 Hand Cart
40:50 Imperial Age
42:02 Caravan
43:52 Yeomen
46:12 Town Patrol
46:19 Bodkin Arrow
46:55 Ring Archer Armor
47:33 Chemistry
46:46 Masonry
46:29 Treadmill Crane
47:03 Siege Engineers
46:28 Onager
46:35 Capped Ram
48:45 Two-Man Saw
48:28 Elite Longbowman
49:30 Conscription
49:18 Squires
49:04 Gambesons
49:36 Guard Tower
50:17 Onager
50:51 Arbalester
51:46 Bracer
51:58 Forging
51:54 Scale Barding Armor
51:50 Scale Mail Armor
53:36 Light Cavalry
54:16 Husbandry
53:51 Halberdier
55:55 Cavalier
57:05 Chain Barding Armor
57:21 Iron Casting
57:02 Chain Mail Armor
72:12 Elite Skirmisher
Connection lost

Rejoining the realm…

Still unreachable

The connection could not be restored.

Session expired

The server has moved on; the page needs a fresh start.